 Dungeon Crawl Stone Soup version 0.25-a0-577-ga4619f409e (webtiles) character file.

Game seed: 15228453780805366996, levelgen mode: deterministic

138834 Flugslaktarn the Executioner (level 16, -2/152 HPs)
             Began as a Minotaur Fighter on Mar 2, 2020.
             Was an Initiate of Gozag.
             Slain by an acid blob (7 damage)
             ... while paralysed by a great orb of eyes
             ... on level 2 of the Pits of Slime.
             The game lasted 00:14:09 (20836 turns).

Flugslaktarn the Executioner (Minotaur Fighter)    Turns: 20836, Time: 00:14:09

Health: -2/152     AC: 29    Str: 30    XL:     16   Next: 8%
Magic:  15/15      EV:  2    Int:  7    God:    Gozag
Gold:   1301       SH:  0    Dex:  8    Spells: 15/15 levels left

rFire    + + .     SeeInvis +   N - +8 broad axe of the Eel {vorpal, rPois rN+ Dex-2}
rCold    + + .     Gourm    .   l - +0 kite shield
rNeg     + . .     Faith    .   F - +4 chain mail
rPois    +         Spirit   .   v - +3 crown of Dyrovepreva {rElec Int+2 SInv}
rElec    +         Reflect  .   g - +1 cloak of Parlour Games {*Corrode rElec Regen+ Str+2 SInv}
rCorr    +         Harm     .   B - +2 pair of gloves
MR       +....                  y - +1 pair of boots {Fly}
Stlth    ..........             (no amulet)
HPRegen  0.75/turn              b - ring of Mutualism {rF++ rC++ EV+2 SInv}
MPRegen  0.14/turn              k - ring of resist corrosion

@: paralysed, gold aura, flying, studying Axes
A: retaliatory headbutt, horns 2
}: 2/15 runes: barnacled, gossamer
a: Potion Petition, Call Merchant, Bribe Branch, Renounce Religion, Stop Flying


You were on level 2 of the Pits of Slime.
You worshipped Gozag.
Gozag was most pleased with you.
You were not hungry.

You visited 5 branches of the dungeon, and saw 28 of its levels.

You collected 7041 gold pieces.
You spent 3057 gold pieces at shops.
You paid 2683 gold pieces to Gozag.

Inventory:

Hand Weapons
 a - a +1 war axe
 H - a +7 broad axe of flaming
   (You bought it in a shop on level 10 of the Dungeon)
 N - the +8 broad axe of the Eel (weapon) {vorpal, rPois rN+ Dex-2}
   (You bought it in a shop on level 2 of the Shoals)

   It inflicts extra damage upon your enemies.
   It affects your dexterity (-2).
   It protects you from poison.
   It protects you from negative energy.
Armour
 f - a +0 plate armour
   (You found it on level 1 of the Dungeon)
 g - the +1 cloak of Parlour Games (worn) {*Corrode rElec Regen+ Str+2 SInv}
   (You bought it in a shop on level 1 of the Lair of Beasts)

   It affects your strength (+2).
   It insulates you from electricity.
   It lets you see invisible.
   It increases your rate of regeneration.
   It may corrode you when you take damage.
   If you remove this armour, your AC will decrease by 3 (29 -> 26).
 l - a +0 kite shield (worn)
 v - the +3 crown of Dyrovepreva (worn) {rElec Int+2 SInv}
   (You bought it in a shop on level 1 of the Lair of Beasts)

   It affects your intelligence (+2).
   It insulates you from electricity.
   It lets you see invisible.
   If you remove this armour, your AC will decrease by 3 (29 -> 26).
 y - a +1 pair of boots of flying (worn)
   (You bought it in a shop on level 4 of the Lair of Beasts)
 B - a +2 pair of gloves (worn)
   (You found it on level 7 of the Dungeon)
 C - a scarf of spirit shield
   (You found it on level 7 of the Dungeon)
 F - a +4 chain mail (worn)
   (You found it on level 1 of the Spider Nest)
Jewellery
 b - the ring of Mutualism (left hand) {rF++ rC++ EV+2 SInv}
   (You acquired it on level 4 of the Lair of Beasts)

   [ring of evasion]

   It affects your evasion (+2).
   It greatly protects you from fire.
   It greatly protects you from cold.
   It lets you see invisible.
 c - an uncursed ring of protection from cold
   (You found it on level 2 of the Dungeon)
 k - a ring of resist corrosion (right hand)
   (You found it on level 7 of the Dungeon)
 m - an uncursed ring of protection from magic
   (You found it on level 6 of the Lair of Beasts)
 o - an uncursed ring of ice
   (You found it on level 5 of the Dungeon)
 M - an uncursed ring of flight {unknown}
   (You found it on level 2 of the Shoals)
Wands
 j - a wand of scattershot (4)
   (You found it on level 4 of the Dungeon)
 u - a wand of paralysis (7)
   (You found it on level 5 of the Dungeon)
 I - a wand of enslavement (11)
   (You found it on level 6 of the Lair of Beasts)
Scrolls
 r - 6 scrolls of identify
 s - 6 scrolls of enchant armour
 t - 8 scrolls of teleportation
 x - 9 scrolls of remove curse
 z - 2 scrolls of blinking
 D - a scroll of fear
 E - 3 scrolls of fog
 G - 2 scrolls of immolation
Potions
 d - 3 potions of might
 h - 5 potions of lignification
 p - 3 potions of stabbing
 q - 3 potions of curing
 A - 2 potions of mutation
 J - 4 potions of flight
 K - 2 potions of ambrosia
 L - a potion of magic
Books
 n - a manual of Axes
   (You found it on level 5 of the Lair of Beasts)
Comestibles
 e - 31 rations


   Skills:
 * Level 16.4 Fighting
 * Level 21.5 Axes
 + Level 14.8 Armour
 + Level 7.3 Dodging
 + Level 14.8 Shields


You had 15 spell levels left.
You didn't know any spells.
Your spell library was empty.

Dungeon Overview and Level Annotations

Branches:
Dungeon (12/15)            Temple (0/1) D:4            Lair (6/6) D:11
 Shoals (4/4) Lair:3       Spider (4/4) Lair:2        Slime (2/5) Lair:6
    Orc (0/2) D:10

Altars:
Ashenzari
Gozag
Hepliaklqana
Qazlal
Trog
Uskayaw
Vehumet
Wu Jian
Yredelemnul
The Shining One

Shops:
D:6 ?   D:10 ((   Lair:1 [   Lair:4 [   Shoals:2 (:(

Annotations:
D:3 1 runed translucent door, DEFE's ghost, amateur DsWn
D:8 exclusion: orange crystal statue
D:10 2 runed translucent doors, Killmatronix's ghost, novice OpHu


Innate Abilities, Weirdness & Mutations

You reflexively headbutt those who attack you in melee.
You have a pair of horns on your head.


Message History

The slime creature hits you but does no damage. x2
The azure jelly hits you but does no damage. x4
Two slime creatures merge to form a large slime creature.
The azure jelly hits you but does no damage. x3
The azure jelly hits you.
* * * LOW HITPOINT WARNING * * *
The slime creature hits you but does no damage. x2
The azure jelly hits you but does no damage. x2
The azure jelly completely misses you.
The azure jelly hits you but does no damage.
The slime creature hits you but does no damage.
The slime creature is no longer distracted by gold.
The azure jelly hits you but does no damage. x3
The azure jelly hits you.
* * * LOW HITPOINT WARNING * * *
A large slime creature splits.
The slime creature hits you but does no damage.
The acid blob hits you!
You die...
Your body crumbles into a pile of gold.

### .......
##.###. .....
##.....##.....
#............#
#.............
###.......J.....
##........J......
#.....<.J@J...>..
#.........JJJ.....
.....#.#.G........
#......#...#......
##................
#........##......
##....#.## ......
........ .....


You could see an acid blob, an azure jelly, a great orb of eyes and 5 slime
creatures.

Vanquished Creatures
  Arachne (Spider:2)
  Rupert (Lair:6)
  2 acid blobs
  A kraken (Shoals:4)
  An azure jelly (Slime:1)
  A ghost moth (Spider:4)
  7 emperor scorpions
  An entropy weaver (Spider:3)
  A merfolk javelineer (Shoals:4)
  Josephine (Lair:4)
  2 merfolk impalers (Shoals:4)
  A fire dragon (D:12)
  Erolcha (D:11)
  4 hydras
  Fannar (Lair:2)
  A catoblepas (D:12)
  A centaur warrior (D:12)
  2 merfolk avatars
  4 merfolk aquamancers
  2 two-headed ogres (D:12)
  The ghost of EnegeticOcto the Cleaver, a novice DDFi of Makhleb (D:7)
  A skeletal warrior (D:12)
  3 sea snakes
  3 harpies
  2 ugly things (D:12)
  A cyclops (D:12)
  11 orb spiders
  10 wolf spiders
  2 manticores (Shoals:2)
  7 elephants
  A moth of wrath (Spider:4)
  2 merfolk sirens
  2 black mambas
  A torpor snail (Spider:4)
  23 spiny frogs
  3 centaur skeletons (D:12)
  3 rime drakes
  A gargoyle (D:12)
  A kobold demonologist (D:12)
  An efreet (D:9)
  2 demonic crawlers (Spider:4)
  5 komodo dragons
  3 merfolk
  3 meliai (Lair:6)
  2 queen bees
  2 polar bears
  A troll (D:12)
  11 jumping spiders
  A wind drake (Shoals:2)
  A hornet (Spider:2)
  3 tyrant leeches (Lair:6)
  24 blink frogs
  Grinder (D:6)
  20 slime creatures
  4 snapping turtles
  14 hippogriffs
  A spriggan (D:7)
  10 tarantellas
  32 redbacks
  9 water elementals
  7 wraiths
  3 wyverns (Lair:3)
  44 yaks
  A steam dragon (D:12)
  A hungry ghost (D:12)
  A basilisk (D:12)
  7 vampire mosquitoes
  7 water moccasins
  9 porcupines
  6 ice beasts
  5 orc warriors
  3 black bears
  2 phantoms
  4 sky beasts
  2 necrophages
  An eye of draining (D:12)
  8 wolves
  5 ogres
  9 centaurs
  A big kobold (D:10)
  13 crocodiles
  23 bullfrogs
  A water moccasin zombie (D:8)
  5 scorpions
  45 killer bees
  3 wights (D:8)
  4 electric eels
  2 centaur zombies
  A howler monkey (D:10)
  2 crimson imps
  2 bullfrog zombies (D:12)
  A quasit (D:5)
  4 jellies
  5 orc priests
  4 hounds
  4 orc wizards (D:10)
  A bullfrog skeleton (D:12)
  3 iguanas
  13 worker ants
  A hell rat (Lair:3)
  A killer bee zombie (D:6)
  A hound zombie (D:6)
  A hound skeleton (D:9)
  A howler monkey zombie (D:10)
  A howler monkey skeleton (D:10)
  9 adders
  3 shadow imps
  An ooze (D:1)
  2 adder zombies
  An adder skeleton (D:9)
  A worm (D:4)
  2 dart slugs
  5 leopard geckos
  30 orcs
  3 giant cockroaches
  2 gnoll zombies (D:3)
  4 goblins
  2 hobgoblins
  9 jackals
  9 quokkas
  A ball python (D:1)
  3 bats
  A frilled lizard (D:3)
  8 kobolds
  2 quokka skeletons
  A quokka zombie (D:5)
  4 rats
  5 fungi
  3 plants
643 creatures vanquished.

Vanquished Creatures (others)
  A fungus (Lair:5)
  31 plants
  4 tentacles (Shoals:4)
36 creatures vanquished.

Grand Total: 679 creatures vanquished

Notes
Turn   | Place    | Note
-------+----------+-------------------------------------------
     0 | D:1      | Flugslaktarn the Minotaur Fighter began the quest for the
                  | Orb.
     0 | D:1      | Reached XP level 1. HP: 19/19 MP: 0/0
   209 | D:2      | Reached XP level 2. HP: 27/27 MP: 1/1
   293 | D:2      | Reached skill level 3 in Axes
   403 | D:2      | Reached XP level 3. HP: 24/33 MP: 2/2
   525 | D:2      | Found an opulent altar of Gozag.
   587 | D:2      | Became a worshipper of Gozag Ym Sagoz the Greedy
   833 | D:3      | Reached XP level 4. HP: 38/40 MP: 3/3
   847 | D:3      | Reached skill level 4 in Axes
   902 | D:3      | Noticed a +0 dagger
   902 | D:3      | Noticed a +0 dagger
   903 | D:3      | Found a hide-covered altar of Uskayaw.
   995 | D:3      | Found a basalt altar of Yredelemnul.
  1101 | D:3      | Found a shattered altar of Ashenzari.
  1190 | D:3      | Found a runed translucent door.
  1190 | D:3      | Noticed DEFE's ghost (amateur DsWn)
  1524 | D:4      | Reached XP level 5. HP: 44/47 MP: 4/4
  1657 | D:4      | Reached skill level 5 in Axes
  1760 | D:4      | Reached XP level 6. HP: 46/55 MP: 5/5
  2051 | D:4      | Found a staircase to the Ecumenical Temple.
  2076 | D:5      | Entered Level 5 of the Dungeon
  2164 | D:5      | Reached skill level 5 in Fighting
  2172 | D:5      | Reached skill level 5 in Armour
  2172 | D:5      | Reached skill level 5 in Shields
  2302 | D:5      | Reached skill level 6 in Axes
  2302 | D:5      | Reached XP level 7. HP: 55/61 MP: 6/6
  3096 | D:5      | Reached skill level 7 in Axes
  3467 | D:6      | Noticed Grinder
  3478 | D:6      | Killed Grinder
  3478 | D:6      | Reached XP level 8. HP: 61/70 MP: 7/7
  3524 | D:6      | Found Vihaut's Magic Scroll Shop.
  3558 | D:6      | Bought a scroll of brand weapon for 300 gold pieces
  3558 | D:6      | Bought a scroll of enchant armour for 112 gold pieces
  3558 | D:6      | Bought a scroll of enchant armour for 112 gold pieces
  3655 | D:6      | Reached skill level 8 in Axes
  4457 | D:7      | Reached skill level 9 in Axes
  4478 | D:7      | Found a runed translucent gate.
  4478 | D:7      | Found a runed translucent gate.
  4478 | D:7      | Found a runed translucent gate.
  4478 | D:7      | Noticed EnegeticOcto's ghost (novice DDFi)
  4672 | D:7      | Found a stormy altar of Qazlal.
  4715 | D:7      | Reached XP level 9. HP: 78/79 MP: 8/8
  4981 | D:7      | Found a radiant altar of Vehumet.
  5259 | D:7      | Killed EnegeticOcto's ghost
  5259 | D:7      | Reached skill level 10 in Axes
  5707 | D:8      | Noticed an orange crystal statue
  6056 | D:8      | Found a bloodstained altar of Trog.
  6056 | D:8      | Found a glowing golden altar of the Shining One.
  6275 | D:8      | Found a hazy altar of Hepliaklqana.
  6381 | D:9      | Found a bloodstained altar of Trog.
  6497 | D:9      | Reached skill level 11 in Axes
  6616 | D:9      | Reached XP level 10. HP: 90/90 MP: 9/9
  6620 | D:9      | Found an ornate altar of the Wu Jian Council.
  7126 | D:10     | Entered Level 10 of the Dungeon
  7126 | D:10     | Found Poowi's Antique Weapon Boutique.
  7157 | D:10     | Reached skill level 12 in Axes
  7162 | D:10     | Bought a runed broad axe for 126 gold pieces
  7529 | D:10     | Found Napruseo's Antique Weapon Emporium.
  7608 | D:10     | Found a runed translucent door.
  7613 | D:10     | Noticed a stone giant
  7614 | D:10     | Noticed an ogre mage
  7614 | D:10     | Noticed a lich
  7614 | D:10     | Noticed a skeletal warrior
  7615 | D:10     | Noticed a necromancer
  7615 | D:10     | Noticed Killmatronix's ghost (novice OpHu)
  7618 | D:10     | Found a runed translucent door.
  8155 | D:10     | Reached XP level 11. HP: 79/99 MP: 10/10
  8427 | D:10     | Found a staircase to the Orcish Mines.
  8774 | D:11     | You fall into a shaft and drop 1 floor!
  8780 | D:12     | Reached skill level 10 in Armour
  8788 | D:12     | Noticed a fire dragon
  8788 | D:12     | Noticed a two-headed ogre
  8809 | D:12     | Reached skill level 10 in Fighting
  8812 | D:12     | Reached skill level 13 in Axes
  8812 | D:12     | Reached skill level 10 in Shields
  9153 | D:12     | Killed a fire dragon
  9431 | D:12     | Noticed a six-headed hydra
  9444 | D:12     | Killed an 11-headed hydra
  9733 | D:12     | Killed a two-headed ogre
  9770 | D:12     | Noticed a two-headed ogre
  9775 | D:12     | Killed a two-headed ogre
 10076 | D:12     | Reached skill level 14 in Axes
 10085 | D:12     | Noticed a purple ugly thing
 10097 | D:12     | Killed a purple ugly thing
 10107 | D:12     | Noticed a centaur warrior
 10116 | D:12     | Killed a centaur warrior
 10582 | D:12     | Reached XP level 12. HP: 90/110 MP: 11/11
 10605 | D:12     | Noticed a catoblepas
 10619 | D:12     | Killed a catoblepas
 11714 | D:11     | Found a staircase to the Lair.
 11992 | D:11     | Noticed Erolcha
 11998 | D:11     | Killed Erolcha
 11998 | D:11     | Reached skill level 15 in Axes
 12133 | Lair:1   | Entered Level 1 of the Lair of Beasts
 12137 | Lair:1   | Bought a jewelled cloak for 209 gold pieces
 12137 | Lair:1   | Bought the +3 crown of Dyrovepreva {rElec Int+2 SInv} for
                  | 910 gold pieces
 12137 | Lair:1   | Found the +3 crown of Dyrovepreva {rElec Int+2 SInv}
 12154 | Lair:1   | Identified the +1 cloak of Parlour Games {*Corrode rElec
                  | Regen+ Str+2 SInv} (You bought it in a shop on level 1 of
                  | the Lair of Beasts)
 12725 | Lair:2   | Found a hole to the Spider Nest.
 13239 | Lair:2   | Noticed Fannar
 13255 | Lair:2   | Killed Fannar
 13794 | Lair:3   | Found a staircase to the Shoals.
 14056 | Lair:3   | Reached skill level 16 in Axes
 14060 | Lair:3   | Reached XP level 13. HP: 116/118 MP: 12/12
 14109 | Lair:3   | You fall into a shaft and drop 2 floors!
 15101 | Lair:4   | Bought a pair of glowing boots for 202 gold pieces
 15148 | Lair:4   | Noticed Josephine
 15154 | Lair:4   | Killed Josephine
 15162 | Lair:4   | Identified a scroll of acquirement
 15164 | Lair:4   | Identified the ring of Mutualism {rF++ rC++ EV+2 SInv} (You
                  | acquired it on level 4 of the Lair of Beasts)
 15431 | Lair:5   | Reached skill level 17 in Axes
 16033 | Lair:6   | Entered Level 6 of the Lair of Beasts
 16071 | Lair:6   | Found a staircase to the Slime Pits.
 16127 | Lair:6   | Reached skill level 1 in Dodging
 16390 | Lair:6   | Noticed Rupert
 16408 | Lair:6   | Killed Rupert
 16408 | Lair:6   | Reached XP level 14. HP: 85/129 MP: 13/13
 16425 | Lair:6   | Reached skill level 18 in Axes
 17850 | Spider:1 | Entered Level 1 of the Spider Nest
 17934 | Spider:1 | Reached skill level 19 in Axes
 18137 | Spider:1 | Noticed an emperor scorpion
 18155 | Spider:1 | Killed an emperor scorpion
 18325 | Spider:2 | Noticed Arachne
 18342 | Spider:2 | Killed Arachne
 18531 | Spider:3 | Noticed an entropy weaver
 18545 | Spider:3 | Killed an entropy weaver
 18608 | Spider:4 | Entered Level 4 of the Spider Nest
 18633 | Spider:4 | Noticed an emperor scorpion
 18651 | Spider:4 | Killed an emperor scorpion
 18651 | Spider:4 | Reached skill level 5 in Dodging
 18776 | Spider:4 | Reached XP level 15. HP: 139/139 MP: 14/14
 18787 | Spider:4 | Reached skill level 15 in Fighting
 18822 | Spider:4 | Noticed a ghost moth
 18833 | Spider:4 | Killed a ghost moth
 18833 | Spider:4 | Reached skill level 20 in Axes
 18891 | Spider:4 | Got a gossamer rune of Zot
 19290 | Shoals:1 | Entered Level 1 of the Shoals
 19420 | Shoals:2 | Found Hoefaub's Book Shop.
 19420 | Shoals:2 | Found Nygenim's Antique Weapon Shoppe.
 19863 | Shoals:2 | Found Quwure's Weapon Emporium.
 19882 | Shoals:2 | Bought the +8 broad axe of the Eel {vorpal, rPois rN+
                  | Dex-2} for 1086 gold pieces
 20024 | Shoals:4 | Entered Level 4 of the Shoals
 20120 | Shoals:4 | Noticed a kraken
 20136 | Shoals:4 | Reached skill level 21 in Axes
 20172 | Shoals:4 | HP: 7/144 [tentacle[a kraken] (2)]
 20173 | Shoals:4 | Killed a kraken
 20188 | Shoals:4 | Got a barnacled rune of Zot
 20647 | Slime:1  | Entered Level 1 of the Pits of Slime
 20647 | Slime:1  | Noticed an acid blob
 20652 | Slime:1  | Killed an acid blob
 20768 | Slime:1  | Noticed an azure jelly
 20792 | Slime:1  | Reached XP level 16. HP: 133/152 MP: 15/15
 20820 | Slime:2  | Noticed an acid blob
 20828 | Slime:2  | Noticed an acid blob
 20830 | Slime:2  | Killed an acid blob
 20830 | Slime:2  | Paralysed by a great orb of eyes for 6 turns
 20832 | Slime:2  | HP: 7/152 [azure jelly (12)]
 20836 | Slime:2  | Slain by an acid blob

Levels and vault maps discovered:
D:1:      dpeg_arrival_houses_and_road, layout_basic,
          chequers_serial_rivers_micro_b, roderic_lattice_a
D:2:      layout_basic, nicolae_gozag_cash_rules_everything_around_me,
          first_ration
D:3:      minmay_door_path, layout_loops_ring, lemuel_zombie_altar_yredelemnul,
          ashenzari_conservatory_becter, dancing_weapons_uskayaw,
          ebering_ghost_reflecting_pool
D:4:      layout_gridville, minmay_temple_entry_statues
D:5:      layout_basic
D:6:      layout_loops_corners, serial_shops, shop, centaur_isle, uniq_menkaure,
          uniq_grinder
D:7:      layout_layer_cave, nicolae_overflow_hidden_temple, basic_altar,
          gammafunk_ghost_split, the_bakery
D:8:      layout_cave_pools, chequers_temple_overflow_statue_of_worship,
          lemuel_coloured_pillars_altar, disabler_island
D:9:      layout_roguey, lemuel_doored_altar, trog_ov_bears_minmay
D:10:     layout_loops_cross, david_orc_4, muffindrake_ghost_dual_entry,
          serial_shops, kennysheep_mini, shop
D:11:     layout_rooms, david_lair_shrubbed, uniq_erolcha
D:12:     minmay_the_grid_3x2 [minmay_the_grid_slots, minmay_the_grid_dragon_a,
          minmay_the_grid_zigzag_pyramid, minmay_the_grid_rooms,
          minmay_the_grid_odd_star, minmay_the_grid_prize_inner_circle],
          layout_loops_ring, gauntlet_entry_generic, wad_rectangle_vault
Lair:1:   layout_concentric_octagons, columned_hall_lemuel
Lair:2:   layout_cave_pods, dummy_spider_entry, uniq_fannar
Lair:3:   regret_index_wax_grids, layout_gridlike, elwin_shoals_entry_rocks
Lair:4:   layout_misc_corridors, uniq_josephine
Lair:5:   layout_concentric_octagons, enter_volcano_4,
          eino_small_chamber_without_monster, serial_bayou_shore_a
Lair:6:   minmay_lair_end_frog_pond, layout_hall_layers,
          minmay_slime_entry_oklob_open, special_room [special_room_bee],
          uniq_rupert
Shoals:1: layout_shoals, nicolae_shoals_dead_sea_scrolls
Shoals:2: cheibrodos_shoals_gigantism, layout_shoals, serial_shops,
          nicolae_shop_crystal, shop, nicolae_shop_trees, shop
Shoals:3: layout_shoals, uniq_kirke, uniq_ilsuiw, uniq_polyphemus
Shoals:4: shoals_end_hangedman, layout_shoals, uniq_bai_suzhen
Spider:1: layout_spider_delve, spiders_nest_hornet_nest
Spider:2: layout_spider_delve, uniq_arachne
Spider:3: layout_spider_delve, einodemon_crawler_minivault, uniq_mara,
          uniq_nikola, uniq_azrael, uniq_aizul, uniq_louise
Spider:4: grunt_spider_rune_circles, spiders_nest_ghost_moth_duel,
          nicolae_spider_cling_ruins
Slime:1:  layout_caves, cheibrodos_slime_lost_civilization_5
Slime:2:  layout_caves

Skill      XL: |  1  2  3  4  5  6  7  8  9 10 11 12 13 14 15 |
---------------+----------------------------------------------+-----
Axes           | 3 4 5 6 7 9 11 12 14 16 17 19 21 | 21.5
Fighting       | 4 5 6 7 8 9 11 12 13 14 16 | 16.4
Armour         | 4 5 6 7 8 9 11 12 13 14 | 14.8
Shields        | 4 5 6 7 8 9 11 12 13 14 | 14.8
Dodging        | 2 5 7 |  7.3

Action                   |  1- 3 |  4- 6 |  7- 9 | 10-12 | 13-15 | 16-18 || total
-------------------------+-------+-------+-------+-------+-------+-------++-------
Melee: War axe           |    89 |   139 |   272 |   100 |       |       ||   600
       Headbutt          |    19 |    23 |    65 |   133 |   178 |     4 ||   422
       Broad axe         |       |       |       |   546 |   857 |    12 ||  1415
Invok: Potion Petition   |       |       |       |     1 |     3 |       ||     4
       Call Merchant     |       |       |       |     1 |     1 |       ||     2
Evoke: Wand              |       |       |       |     1 |     1 |       ||     2
  Use: Scroll            |       |       |    13 |    13 |    14 |       ||    40
       Potion            |       |       |     3 |     3 |     9 |       ||    15
 Stab: Invisible         |       |       |       |     6 |     4 |       ||    10
       Distracted        |       |       |       |     2 |     8 |       ||    10
       Sleeping          |       |       |       |       |    12 |       ||    12
  Eat: Ration            |       |     2 |     3 |     8 |     6 |     1 ||    20
Armor: Plate armour      |    77 |    85 |   165 |   286 |   267 |       ||   880
       Chain mail        |       |       |       |       |   116 |    35 ||   151
Dodge: Dodged            |    12 |    23 |    56 |   112 |   251 |     5 ||   459
Block: Kite shield       |    61 |    70 |   146 |   329 |   519 |     9 ||  1134

Table legend:
 A = Non-vault XP
 B = Vault XP
 C = Vault XP percentage of total XP
 D = Non-vault monster count
 E = Vault monster count
 F = Vault count percentage of total count
                 A         B        C        D         E       F
            +---------+---------+-------+---------+---------+-------
      Total |   81335 |   77000 |  48.6 |     400 |     235 |  37.0
            +---------+---------+-------+---------+---------+-------
        D:1 |      11 |       0 |   0.0 |       4 |       0 |   0.0
        D:2 |      58 |       0 |   0.0 |      13 |       0 |   0.0
        D:3 |      74 |       7 |   8.6 |      25 |       4 |  13.8
        D:4 |     247 |       0 |   0.0 |      15 |       0 |   0.0
        D:5 |     621 |       0 |   0.0 |      16 |       0 |   0.0
        D:6 |     903 |     272 |  23.1 |      27 |       1 |   3.6
        D:7 |     726 |    1164 |  61.6 |       9 |       5 |  35.7
        D:8 |     616 |       0 |   0.0 |      10 |       0 |   0.0
        D:9 |    2978 |     260 |   8.0 |      21 |       2 |   8.7
       D:10 |    2938 |     763 |  20.6 |      29 |      14 |  32.6
       D:11 |     859 |    1342 |  61.0 |       8 |       2 |  20.0
       D:12 |    2658 |   11226 |  80.9 |      15 |      36 |  70.6
     Lair:1 |    2985 |       0 |   0.0 |      17 |       0 |   0.0
     Lair:2 |    3339 |     960 |  22.3 |      17 |       1 |   5.6
     Lair:3 |    1898 |    6366 |  77.0 |      10 |      46 |  82.1
     Lair:4 |    5060 |    2132 |  29.6 |      17 |       6 |  26.1
     Lair:5 |    4360 |       0 |   0.0 |      14 |       0 |   0.0
     Lair:6 |    7082 |   18280 |  72.1 |      26 |      74 |  74.0
   Shoals:1 |    3376 |       0 |   0.0 |       7 |       0 |   0.0
   Shoals:2 |    4756 |       0 |   0.0 |      12 |       0 |   0.0
   Shoals:3 |    3758 |       0 |   0.0 |      10 |       0 |   0.0
   Shoals:4 |     247 |    9275 |  97.4 |       1 |       9 |  90.0
   Spider:1 |   11134 |       0 |   0.0 |      28 |       0 |   0.0
   Spider:2 |     952 |    3677 |  79.4 |       4 |       1 |  20.0
   Spider:3 |    2610 |       0 |   0.0 |       6 |       0 |   0.0
   Spider:4 |    4816 |   21276 |  81.5 |      16 |      34 |  68.0
    Slime:1 |    9483 |       0 |   0.0 |      21 |       0 |   0.0
    Slime:2 |    2790 |       0 |   0.0 |       2 |       0 |   0.0
            +---------+---------+-------+---------+---------+-------
